 Dungeon Crawl Stone Soup version 0.30-a0-618-gd6c86c23d0 (webtiles) character file.

Game seed: 18133373600443968539

32968 wormed the Covert (level 14, -8/90 HPs)
             Began as a Kobold Brigand on Jan 10, 2023.
             Was a Follower of Uskayaw.
             Killed from afar by an oklob plant (20 damage)
             ... with a splash of acid
             ... on level 3 of the Lair of Beasts.
             The game lasted 00:22:47 (16674 turns).

wormed the Covert (Kobold Brigand)                 Turns: 16674, Time: 00:22:47

Health: -8/90      AC: -4    Str:  9    XL:     14   Next: 5%
Magic:  23/23      EV: 35    Int: 15    God:    Uskayaw [*.....]
Gold:   823        SH:  0    Dex: 23    Spells: 13/13 levels left

rFire   + . .      SeeInvis .    H - +2 short sword (venom)
rCold   x . .      Faith    .    (no shield)
rNeg    . . .      Spirit   .    c - +2 robe {rF+}
rPois   +          Reflect  .    P - +0 hat "Riokk" {rElec rPois rC- Int+3 Dex+2}
rElec   +          Harm     .    y - +2 cloak {Stlth+}
rCorr   .          Rampage  .    (no gloves)
Will    +....                    E - +0 pair of boots
Stlth   ++++++++                 (no amulet)
HPRegen 0.35/turn                q - ring of the Hare {EV+10}
MPRegen 0.18/turn                f - ring of flight

@: corroded, flying
A: small, no large weapons, nightstalker 3
a: Renounce Religion, Stomp


You were on level 3 of the Lair of Beasts.
You worshipped Uskayaw.
Uskayaw was pleased with you.
You visited 3 branches of the dungeon, and saw 16 of its levels.
You also visited: Sewer.

You collected 823 gold pieces.

Inventory:

Hand Weapons
 a - a +3 dagger
 i - a +0 rapier
 H - a +2 short sword of venom (weapon)
Missiles
 d - 35 poisoned darts (quivered)
 F - 4 curare-tipped darts
Armour
 c - a +2 robe of fire resistance (worn)
 y - a +2 cloak of stealth (worn)
 E - a +0 pair of boots (worn)
 P - the +0 hat "Riokk" (worn) {rElec rPois rC- Int+3 Dex+2}
   (You found it on level 8 of the Dungeon)

   Int:       It affects your intelligence (+3).
   Dex:       It affects your dexterity (+2).
   rC:        It makes you vulnerable to cold.
   rElec:     It insulates you from electricity.
   rPois:     It protects you from poison.
Jewellery
 e - a +6 ring of dexterity
 f - a ring of flight (right hand)
 q - the ring of the Hare (left hand) {EV+10}
   (You acquired it in a sewer)

   [ring of evasion]

   EV:        It affects your evasion (+10).
 w - an amulet of reflection
 x - a ring of protection from fire
 C - a ring of wizardry
 K - a ring of willpower
 N - a ring of protection from cold
 R - the amulet "Seniabis" {Acrobat Fragile rN+ Dex+2}
   (You found it on level 3 of the Lair of Beasts)

   [amulet of the acrobat]

   It increases your evasion while moving and waiting.
   Dex:       It affects your dexterity (+2).
   rN:        It protects you from negative energy.
   Fragile:   It will be destroyed if unequipped.
Wands
 A - a wand of flame (25)
 D - a wand of acid (3)
 M - a wand of mindburst (26)
 O - a wand of charming (13)
Scrolls
 j - 4 scrolls of vulnerability
 o - 5 scrolls of teleportation
 r - 4 scrolls of immolation
 t - 2 scrolls of fog
 v - 3 scrolls of poison
 G - a scroll of blinking
 I - a scroll of amnesia
 J - 2 scrolls of fear
 L - a scroll of enchant weapon
 Q - 2 scrolls of magic mapping
Potions
 b - 4 potions of haste
 g - 4 potions of resistance
 h - 7 potions of curing
 k - 3 potions of might
 l - 6 potions of mutation
 m - 6 potions of lignification
 n - 5 potions of flight
 p - a potion of heal wounds
 s - 5 potions of ambrosia {unknown}
 u - 2 potions of brilliance {unknown}
 z - 4 potions of degeneration {unknown}
 B - 2 potions of attraction {unknown}


   Skills:
 + Level 11.2 Fighting
 - Level 14.0 Short Blades
 - Level 2.1 Throwing
 + Level 12.0 Dodging
 + Level 14.9 Stealth
 * Level 12.3 Invocations


You had 13 spell levels left.
You didn't know any spells.
Your spell library contained the following spells:

 Spells                   Type           Power      Damage    Failure   Level
 Necrotise                Necr           0%         1d4       26%         1
 Summon Small Mammal      Summ           0%         N/A       26%         1
 Cigotuvi's Dreadful Rot  Necr/Pois/Air  0%         N/A       38%         2
 Poisonous Vapours        Pois/Air       0%         N/A       38%         2
 Scorch                   Fire           0%         2d5       38%         2
 Call Canine Familiar     Summ           0%         N/A       63%         3
 Mephitic Cloud           Conj/Pois/Air  0%         N/A       63%         3
 Summon Guardian Golem    Hex/Summ       0%         N/A       63%         3
 Vampiric Draining        Necr           0%         2d6       63%         3
 Flame Wave               Conj/Fire      0%         2d4       95%         4
 Petrify                  Tmut/Erth      0%         N/A       95%         4
 Agony                    Necr           0%         N/A       100%        5
 Metabolic Englaciation   Hex/Ice        0%         N/A       100%        5
 Statue Form              Tmut/Erth      0%         N/A       100%        6
 Summon Cactus Giant      Summ           0%         N/A       100%        6
 Chain Lightning          Conj/Air       0%         N/A       100%        9
 Fire Storm               Conj/Fire      0%         5d1       100%        9
 Shatter                  Erth           0%         3d5*      100%        9


Dungeon Overview and Level Annotations

Branches:
Dungeon (12/15)            Temple (1/1) D:4            Lair (3/5) D:11
 Shoals (0/4) Lair:3        Snake (0/4) Lair:3          Orc (0/2) D:10
  Sewer (visited)

Altars:
Ashenzari
Cheibriados
Dithmenos
Fedhas
Gozag
Kikubaaqudgha
Makhleb
Nemelex Xobeh
Okawaru
Qazlal
Ru
Sif Muna
Trog
Uskayaw
Vehumet
Wu Jian
Xom
Yredelemnul
Zin
The Shining One

Shops:
D:3 *   D:8 :   D:9 (   D:10 [

Annotations:
D:8 6 runed translucent doors
Lair:3 exclusion: 2 oklob plants


Innate Abilities, Weirdness & Mutations

You are small and have problems with some larger weapons.
You are completely attuned to the shadows.


Message History

You puncture the plant!
The plant begins to die.
The plant is poisoned.
The plant is lightly damaged.
You hit the plant but do no damage.
The plant is lightly damaged.
You hit the plant.
The plant is lightly damaged.
You hit the plant.
The plant is lightly damaged.
You completely miss the plant.
The plant is lightly damaged.
You puncture the plant!
The plant is lightly damaged.
You puncture the plant!
The plant is lightly damaged.
The oklob plant spits acid at you. The splash of acid hits you.
You puncture the plant!
The plant is moderately damaged.
You hit the plant but do no damage.
The plant looks as sick as possible!
The plant is moderately damaged.
The oklob plant spits acid at you. The splash of acid misses you.
You hit the plant.
The plant is moderately damaged.
A nearby plant withers and dies.
The oklob plant spits acid at you. The splash of acid hits you!!
The acid corrodes you!
You hit the oklob plant but do no damage.
The oklob plant spits acid at you. The splash of acid hits you!!
The acid corrodes you!
You hit the oklob plant but do no damage.
You hit the plant.
The plant begins to die.
The plant is lightly damaged.
The oklob plant spits acid at you. The splash of acid hits you!!
* * * LOW HITPOINT WARNING * * *
The acid corrodes you! The oklob plant spits acid at you.
The splash of acid hits you!!
You die...

##.#####.###....## #
#P..##P..###....# #
###....#....##....## ##
#P..........##.....# #.
##.........P###...)## #.
#.....(.....#.#....####.
#..........###.......##.
##......................>
##..)....@................
#.....P..P................
##........................
#......PPP................
#......P......[...........
#....................####.
##............###....P###.
#......$......###....###P.
##..............#.........


You could see 2 oklob plants.

Vanquished Creatures
  Erica (D:10)
  4 two-headed ogres
  11 death yaks
  The ghost of Heh the Carver, a novice OpMo of Okawaru (D:7)
  Pikel (D:5)
  5 oklob plants (Lair:3)
  An elephant (Lair:3)
  A merfolk siren (Lair:3)
  5 black mambas
  2 gargoyles (D:11)
  Maggie (D:7)
  5 cane toads
  6 komodo dragons
  3 merfolk (Lair:3)
  Grinder (D:5)
  A polar bear (Lair:2)
  4 trolls
  2 jumping spiders (D:8)
  3 shadows
  2 water elementals (D:11)
  4 wyverns
  21 yaks
  A steam dragon (Lair:2)
  2 vampire mosquitoes (D:12)
  16 water moccasins
  Duvessa (D:6)
  2 ice beasts (D:6)
  5 orc warriors
  3 sky beasts
  A black bear (D:6)
  6 wolves (Lair:2)
  2 ogres (D:6)
  4 phantoms
  6 centaurs
  A kobold brigand (D:8)
  12 bullfrogs
  4 necrophages (D:6)
  2 scorpions (D:4)
  11 wights
  Dowan (D:6)
  5 killer bees (D:9)
  6 electric eels (D:11)
  4 howler monkeys
  A jelly (D:5)
  2 hounds (D:6)
  7 orc priests
  Crazy Yiuf (D:5)
  2 gnoll boudas
  4 iguanas
  6 orc wizards
  5 hell rats (Lair:2)
  8 ogre zombies (D:10)
  10 gnolls
  3 river rats (Sewer)
  13 adders
  2 shadow imps
  3 ufetubi
  4 worms
  4 dart slugs
  23 orcs
  16 ball pythons
  5 bats
  3 endoplasms
  3 giant cockroaches
  4 goblins
  6 hobgoblins
  7 jackals
  A quokka (D:1)
  12 frilled lizards
  A goblin skeleton (D:10)
  A goblin zombie (D:10)
  2 hobgoblin skeletons (D:10)
  10 kobolds
  3 orc skeletons (D:10)
  18 orc zombies (D:10)
  6 rats
376 creatures vanquished.

Vanquished Creatures (others)
  4 fungi
  22 plants
26 creatures vanquished.

Grand Total: 402 creatures vanquished

Notes
Turn   | Place    | Note
-------+----------+-------------------------------------------
     0 | D:1      | wormed the Kobold Brigand began the quest for the Orb.
     0 | D:1      | Reached XP level 1. HP: 12/12 MP: 1/1
   175 | D:1      | Reached XP level 2. HP: 17/18 MP: 2/2
   681 | D:1      | Reached XP level 3. HP: 21/22 MP: 3/3
   968 | D:2      | Noticed a golden eye
   975 | D:2      | Noticed a floating eye
   986 | D:2      | Noticed a shining eye
   995 | D:2      | Found a faded altar of an unknown god.
   998 | D:2      | Noticed a great orb of eyes
  1388 | D:2      | Reached XP level 4. HP: 27/27 MP: 4/4
  2265 | D:3      | Found a blossoming altar of Fedhas.
  2339 | D:3      | Found Puox's General Store.
  2618 | D:4      | Reached XP level 5. HP: 32/32 MP: 5/5
  2734 | D:4      | Reached skill level 5 in Short Blades
  2777 | D:4      | Reached XP level 6. HP: 12/37 MP: 6/6
  2985 | D:4      | Found a staircase to the Ecumenical Temple.
  2999 | Temple   | Entered the Ecumenical Temple
  3130 | Temple   | Became a worshipper of Uskayaw the Reveller
  3168 | D:4      | Reached * piety under Uskayaw
  3806 | D:5      | Entered Level 5 of the Dungeon
  3829 | D:5      | Reached ** piety under Uskayaw
  3851 | D:5      | Reached *** piety under Uskayaw
  3852 | D:5      | Reached XP level 7. HP: 21/42 MP: 7/7
  4027 | D:5      | Found a stormy altar of Qazlal.
  4092 | D:5      | Found a shimmering blue altar of Sif Muna.
  4132 | D:5      | Noticed Grinder
  4251 | D:5      | Found a glowing drain.
  4287 | Sewer    | Entered a sewer
  4647 | Sewer    | Identified a scroll of acquirement
  4647 | Sewer    | Acquired the ring of the Hare {EV+10}
  4647 | Sewer    | Found the ring of the Hare {EV+10}
  4727 | D:5      | Noticed Pikel
  4730 | D:5      | Killed Pikel
  4731 | D:5      | Reached XP level 8. HP: 48/48 MP: 8/8
  5043 | D:5      | Reached skill level 5 in Dodging
  5054 | D:5      | Reached **** piety under Uskayaw
  5055 | D:5      | Reached skill level 5 in Fighting
  5324 | D:5      | Found a runed translucent door.
  5327 | D:5      | Noticed Crazy Yiuf
  5545 | D:5      | Killed Grinder
  5805 | D:5      | Killed Crazy Yiuf
  5950 | D:6      | Reached XP level 9. HP: 54/54 MP: 9/9
  5974 | D:6      | Noticed Duvessa
  5974 | D:6      | Noticed Dowan
  6008 | D:6      | Killed Duvessa
  6021 | D:6      | Killed Dowan
  6032 | D:6      | Reached skill level 10 in Short Blades
  6391 | D:6      | Noticed a troll
  6413 | D:6      | Killed a troll
  6518 | D:6      | Reached skill level 10 in Stealth
  6526 | D:6      | Reached XP level 10. HP: 56/61 MP: 10/10
  6526 | D:6      | Reached ***** piety under Uskayaw
  6566 | D:6      | Reached skill level 1 in Invocations
  6779 | D:7      | Noticed Maggie
  6783 | D:7      | Killed Maggie
  7288 | D:7      | Found a runed translucent door.
  7654 | D:7      | Noticed Heh's ghost (novice OpMo)
  7690 | D:8      | Found Zaakhloz's Book Boutique.
  7708 | D:8      | Noticed a two-headed ogre
  7710 | D:8      | Killed a two-headed ogre
  7735 | D:8      | Reached skill level 5 in Invocations
  7745 | D:8      | Reached ****** piety under Uskayaw
  7752 | D:8      | Reached XP level 11. HP: 19/68 MP: 14/14
  7995 | D:8      | You fall into a shaft and drop 3 floors!
  8422 | D:11     | Noticed a death yak
  8620 | D:11     | Found a staircase to the Lair.
  8653 | D:11     | Killed a death yak
  8773 | D:11     | Noticed a death yak
  8773 | D:11     | Noticed a death yak
  8774 | D:11     | Noticed a death yak
  8774 | D:11     | Noticed a death yak
  8775 | D:11     | Noticed a death yak
  8775 | D:11     | Noticed a death yak
  8777 | D:11     | Killed a death yak
  8778 | D:11     | Killed a death yak
  8780 | D:11     | Killed a death yak
  8794 | D:11     | Killed a death yak
  9010 | D:11     | Killed a death yak
  9060 | D:11     | Killed a death yak
  9259 | D:11     | Noticed a two-headed ogre
  9263 | D:11     | Killed a two-headed ogre
  9264 | D:11     | Reached XP level 12. HP: 76/76 MP: 16/18
  9766 | D:10     | Entered Level 10 of the Dungeon
  9827 | D:10     | Found a staircase to the Orcish Mines.
 10107 | D:10     | Reached skill level 10 in Dodging
 10160 | D:10     | Found Cheibriados's Comfort Zone.
 10160 | D:10     | Found a snail-covered altar of Cheibriados.
 10174 | D:10     | Found an iron altar of Okawaru.
 10375 | D:10     | Noticed Erica
 10379 | D:10     | Killed Erica
 10626 | D:10     | Found an ornate altar of the Wu Jian Council.
 10636 | D:10     | Found a sacrificial altar of Ru.
 10636 | D:10     | Found an opulent altar of Gozag.
 10786 | D:10     | Noticed a two-headed ogre
 10790 | D:10     | Killed a two-headed ogre
 10961 | D:9      | Noticed a two-headed ogre
 10964 | D:9      | Killed a two-headed ogre
 11001 | D:9      | Found Ocuudefo's Antique Weapon Shoppe.
 11071 | D:9      | Found a glowing silver altar of Zin.
 11414 | D:9      | Found a shimmering altar of Xom.
 11763 | D:8      | Found a runed translucent door.
 12077 | D:8      | Identified the +0 hat "Riokk" {rElec rPois rC- Int+3 Dex+2}
 12080 | D:8      | Found a runed translucent gate.
 12080 | D:8      | Found a runed translucent gate.
 12092 | D:8      | Reached skill level 10 in Fighting
 12092 | D:8      | Reached skill level 10 in Invocations
 12123 | D:8      | Found a runed translucent gate.
 12123 | D:8      | Noticed a boulder beetle
 12123 | D:8      | Noticed a boulder beetle
 12125 | D:8      | Found a runed translucent gate.
 12125 | D:8      | Found a runed translucent gate.
 12125 | D:8      | Found a runed translucent gate.
 12258 | D:7      | Killed Heh's ghost
 12490 | D:11     | Reached XP level 13. HP: 82/82 MP: 20/20
 12719 | Lair:1   | Entered Level 1 of the Lair of Beasts
 15025 | Lair:3   | Found a staircase to the Snake Pit.
 15465 | Lair:3   | Identified the amulet "Seniabis" {Acrobat Fragile rN+
                  | Dex+2}
 15596 | Lair:3   | Found a blossoming altar of Fedhas.
 15868 | Lair:3   | Found a staircase to the Shoals.
 15919 | Lair:3   | Reached XP level 14. HP: 51/90 MP: 23/23
 16674 | Lair:3   | Killed from afar by an oklob plant

Illustrated notes

Levels and vault maps discovered:
D:1:      psy_arrival_statuary, layout_loops_ring
D:2:      layout_loops_ring, hellmonk_ecumenical_altar_watching_god,
          minmay_shallow_snake_nest
D:3:      layout_loops_corners, lemuel_round_altar, serial_shops, shop
D:4:      layout_loops_ring, minmay_temple_entry_hall
D:5:      layout_basic, mainiacjoe_overflow_six_doors_small,
          mainiacjoe_overflow_catwalk, portal_sewer_entry_a, uniq_pikel,
          uniq_grinder, uniq_crazy_yiuf_cottage
D:6:      cheibrodos_barr_body, layout_rooms, uniq_duvessa
D:7:      layout_rooms, ebering_ghost_reflecting_pool, uniq_maggie
D:8:      gammafunk_indiana_jones, layout_loops_ring, serial_shops,
          nicolae_stop_n_shop_1, chequers_serial_rivers_marsh
D:9:      layout_gridville, kennysheep_little_box, zin_academy, serial_shops,
          nicolae_diamond_shop, grunt_ministairs_7
D:10:     layout_irregular_city, mainiacjoe_overflow_cross_hatched,
          gammafunk_temple_overflow_forgotten, zombieorc2_lemuel,
          chequers_arboretum, minmay_shop_chei, uniq_erica
D:11:     erik_rubicon_a, layout_irregular_city, dpeg_lair_monsters
D:12:     layout_loops_ring, portal_ice_cave_demonic_guard
Temple:   hellmonk_temple_forest_ring
Lair:1:   layout_roguey, nicolae_lair_lil_pond
Lair:2:   layout_layer_cave
Lair:3:   layout_regular_city, elwin_shoals_entry_stream,
          minmay_snake_entry_six_corridors, chequers_serial_rivers_marsh,
          st_stairs_4, hangedman_tree_tricks, dpeg_oklob_1, lemuel_fruit_fields

Skill      XL: |  1  2  3  4  5  6  7  8  9 10 11 12 13 14 |
---------------+-------------------------------------------+-----
Short Blades   | 3 4 5 6 8 9 10 11 12 13 14 | 14.0
Dodging        | 2 3 4 5 7 8 9 10 11 12 | 12.0
Fighting       | 3 4 5 6 8 9 10 11 | 11.2
Stealth        | 6 7 8 10 11 12 13 14 | 14.9
Invocations    | 5 8 10 12 | 12.3
Throwing       | |  2.1

Action                   |  1- 3 |  4- 6 |  7- 9 | 10-12 | 13-15 || total
-------------------------+-------+-------+-------+-------+-------++-------
Melee: Dagger            |    90 |   171 |   222 |       |       ||   483
       Punch             |     2 |     2 |     5 |    10 |     9 ||    28
       Rapier            |       |       |   101 |   687 |     2 ||   790
       Short sword       |       |       |       |       |   367 ||   367
Throw: Dart              |     3 |     7 |     3 |     1 |       ||    14
Invok: Line Pass         |       |       |       |     4 |       ||     4
       Stomp             |       |       |       |     1 |       ||     1
       Grand Finale      |       |       |       |     1 |       ||     1
  Use: Scroll            |     3 |     6 |     8 |     6 |       ||    23
       Potion            |       |     1 |     1 |     5 |     4 ||    11
 Stab: Sleeping          |    15 |    17 |    26 |    55 |    36 ||   149
       Distracted        |       |     1 |     3 |     6 |       ||    10
       Paralysed         |       |       |     8 |    23 |    15 ||    46
       Confused          |       |       |       |     1 |       ||     1
Armor: Robe              |     9 |    22 |    31 |    53 |    19 ||   134
Dodge: Dodged            |    41 |    98 |   257 |   577 |   311 ||  1284

Table legend: (Time is in decaauts)
 A = Elapsed time spent in this place.
 B = Non-inter-level travel time spent in this place.
 C = Inter-level travel time spent in this place.
 D = Time resting spent in this place.
 E = Time spent auto-exploring this place.
 F = Levels seen in this place.
 G = Mean time per level.
                   A        B        C        D        E       F      G
               +--------+--------+--------+--------+--------+-----+--------+
         Total |  16089 |  15365 |    724 |     63 |  12653 |  17 |  946.4 |
       Dungeon |  11748 |  11146 |    602 |     63 |   9029 |  12 |  979.0 |
        Temple |    137 |    116 |     21 |      0 |    105 |   1 |  137.0 |
          Lair |   3772 |   3671 |    101 |      0 |   3220 |   3 | 1257.3 |
         Sewer |    430 |    430 |      0 |      0 |    298 |   1 |  430.0 |
               +--------+--------+--------+--------+--------+-----+--------+

Top non-repeatable levels by time:
    D:11: 1955 daAuts
  Lair:3: 1822 daAuts
     D:5: 1511 daAuts
  Lair:2: 1211 daAuts
     D:8: 1188 daAuts
    D:10: 1115 daAuts
     D:4: 1033 daAuts
     D:3: 980 daAuts
     D:6: 928 daAuts
     D:7: 913 daAuts
     D:1: 821 daAuts
     D:2: 783 daAuts
  Lair:1: 738 daAuts
     D:9: 493 daAuts
   Sewer: 430 daAuts
